Map: Ley Lines

Players

Moja - Winner!

  • Race: Terran Terran
  • League: Grandmaster
  • Spawn Location: 7:00

Highdra

  • Race: Protoss Protoss
  • League: Master
  • Spawn Location: 1:00

Event: HomeStory Cup XXVII

VOD

Have the link to the VOD?

Description

Time

  • Played on: June 28, 2025, 9:15 a.m.
  • Length: 7:08

All games in this series

Show
View Real Time Build Order
Export as new Build Order

Moja Terran - Winner!

Build Orders:  

Get SALT Encoding   

  12  0:00  SCV  
  13  0:12  SCV  
  14  0:17  Supply Depot  
  14  0:24  SCV  
  15  0:40  Barracks  
  15  0:49  Barracks  
  15  0:52  SCV  
  16  0:58  Refinery  
  16  1:04  SCV  
  17  1:17  SCV  
  18  1:26  Marine  
  18  1:29  Orbital Command  
  19  1:36  Marine  
  19  1:37  Supply Depot  
  20  1:44  Marine  
  21  1:47  Bunker  
  21  1:55  Marine, SCV  
  23  2:02  Marine  
  23  2:07  SCV  
  25  2:13  Marine  
  26  2:20  Marine  
  26  2:21  Factory  
  26  2:31  Marine  
  26  2:35  SCV  
  27  2:37  Marine  
  27  2:39  Refinery  
  27  2:47  SCV  
  26  2:52  Marine  
  25  2:59  Marine  
  25  3:01  SCV  
  25  3:04  Factory Tech Lab  
  26  3:07  Starport  
  26  3:12  Command Center  
  26  3:15  SCV  
  27  3:20  Supply Depot  
  27  3:27  SCV  
  27  3:33  Cyclone  
  31  3:42  SCV  
  31  3:43  Medivac  
  34  3:54  SCV  
  35  3:56  Supply Depot  
  35  4:06  SCV  
  35  4:08  Siege Tank  
  39  4:18  SCV  
  39  4:19  Viking  
  42  4:24  Orbital Command  
  42  4:30  SCV  
  43  4:32  Barracks Reactor  
  43  4:43  SCV  
  44  4:51  Orbital Command  
  44  4:55  Cyclone, SCV  
  48  5:01  Barracks  
  48  5:03  Supply Depot  
  48  5:07  SCV  
  48  5:14  Starport Tech Lab, Marine x2  
  49  5:19  SCV  
  52  5:22  SCV  
  52  5:27  Siege Tank  
  56  5:31  Marine, SCV  
  56  5:32  Marine  
  56  5:34  Barracks  
  59  5:43  SCV  
  59  5:47  SCV  
  61  5:52  Marine x2  
  61  5:55  SCV  
  64  5:58  Refinery, Engineering Bay  
  64  6:07  SCV  
  65  6:13  Marauder, Siege Tank  
  65  6:14  Barracks  
  65  6:18  Marine x2, SCV  
  70  6:21  Supply Depot  
  70  6:25  SCV  
  74  6:29  Barracks Tech Lab  
  74  6:30  Starport Reactor, SCV  
  75  6:34  Refinery  
  75  6:37  SCV  
  76  6:44  SCV  
  77  6:49  SCV  
Show
View Real Time Build Order
Export as new Build Order

Highdra Protoss 

Build Orders: 1 Gate Expand 

Get SALT Encoding   

  12  0:00  Probe  
  13  0:12  Probe  
  14  0:17  Pylon  
  14  0:23  Probe  
  15  0:31  Probe  
  15  0:36  Gateway  
  15  0:39  Probe  
  16  0:45  Assimilator  
  17  0:50  Probe  
  18  1:03  Probe  
  19  1:15  Probe  
  20  1:23  Cybernetics Core  
  20  1:24  Zealot  
  22  1:37  Nexus  
  22  1:47  Pylon  
  22  1:49  Probe  
  23  1:58  Stalker  
  23  2:07  Shield Battery  
  25  2:15  Probe  
  25  2:18  Stalker  
  25  2:21  Shield Battery  
  20  2:37  Probe  
  20  2:41  Stalker  
  21  2:49  Probe  
  22  2:51  Probe  
  19  3:00  Probe  
  20  3:08  Probe x2  
  22  3:13  Warp Gate  
  22  3:16  Probe  
  22  3:20  Probe  
  24  3:28  Probe  
  24  3:31  Probe  
  24  3:33  Assimilator  
  26  3:39  Probe  
  26  3:40  Probe  
  27  3:47  Probe  
  28  3:53  Probe  
  30  4:00  Probe  
  31  4:05  Probe  
  31  4:08  Probe  
  32  4:10  Twilight Council  
  32  4:16  Probe  
  33  4:17  Probe  
  35  4:27  Probe  
  35  4:29  Probe  
  37  4:31  Robotics Facility  
  37  4:35  Probe  
  37  4:41  Probe  
  37  4:43  Probe  
  39  4:52  Pylon  
  40  4:53  Probe x2  
  40  4:56  Pylon  
  40  4:57  Dark Shrine  
  42  5:09  Pylon  
  42  5:10  Probe  
  43  5:15  Probe  
  44  5:22  Probe  
  44  5:27  Probe  
  49  5:32  Stalker  
  49  5:34  Immortal, Probe  
  52  5:35  Cybernetics Core  
  50  5:45  Pylon, Nexus  
  50  5:52  Pylon  
  50  5:59  Pylon  
  50  6:01  Pylon  
  50  6:03  Probe x2  
  52  6:12  Twilight Council  
  52  6:18  Probe x2  
  54  6:21  Gateway  
  54  6:25  Gateway  
  54  6:30  Probe  
  54  6:31  Probe  
  56  6:36  Gateway  
  56  6:37  Gateway  
  56  6:43  Probe x2  
  58  6:48  Gateway  
  58  6:49  Gateway  
  58  6:51  Gateway  
  54  6:55  Probe  
Tags
 
Add a new tag
Caveats
  • Supply blocks, unpowered buildings, or Contaminate may cause inaccurate times.
  • Supply counts are checked every 10 seconds.